[Event "13th Dolomiti-Forni di Sopra-A 2022"]
[Site "Forni di Sopra"]
[Date "2022.06.17"]
[Round "7.13"]
[White "Lavorgna, Giovanni"]
[Black "Tonel, Giulia"]
[Result "0-1"]
[ECO "E81"]
[WhiteElo "1834"]
[BlackElo "1964"]
[Annotator "TA"]
[PlyCount "22"]
[EventDate "2022.06.13"]
[EventType "swiss"]
[EventCountry "ITA"]
[SourceTitle "playchess.com"]
[Source "ChessBase"]
[SourceQuality "1"]
[TimeControl "40/5400+30:1800+30"]

1. d4 Nf6 2. c4 g6 3. Nc3 Bg7 4. e4 d6 5. f3 O-O 6. Bg5 c6 7. Qd2 e5 8. d5 a6 {E81: King's Indian: Sämisch: 6th move deviations (including 6 Be3 c6).} 9. a4 Qa5 10. Ra3 {[%emt 0:02:47] [#]} Qb4 $146 ({Predecessor:} 10... cxd5 11. cxd5 Nbd7 12. Nge2 Nc5 13. Nc1 Re8 14. Be2 Nh5 15. Be3 Nf4 16. O-O Qd8 {½-½ (33) Radusinovic,L (2162)-Simic,Z (2284) Novi Sad 2009}) 11. a5 {[%emt 0:19:56] [#] Ra4 is the strong threat.} b5 {[%emt 0:07:57][%mdl 32768] Against Ra4. Black did not feel at home in the position after the opening.  Weighted Error Value: White=0.09 (flawless) /Black=0.16 (very precise) . Loss on time!?} 0-1

[Event "13th Dolomiti-Forni di Sopra-A 2022"]
[Site "Forni di Sopra"]
[Date "2022.06.18"]
[Round "8.1"]
[White "Bernadskiy, Vitaliy"]
[Black "Korneev, Oleg"]
[Result "1-0"]
[ECO "B23"]
[WhiteElo "2636"]
[BlackElo "2521"]
[Annotator "TA"]
[PlyCount "63"]
[EventDate "2022.06.13"]
[EventType "swiss"]
[EventCountry "ITA"]
[SourceTitle "playchess.com"]
[Source "ChessBase"]
[SourceQuality "1"]
[TimeControl "40/5400+30:1800+30"]

1. e4 c5 2. Nc3 e6 3. d4 cxd4 4. Qxd4 Nc6 5. Qe3 Nf6 6. Nf3 {[%emt 0:00:17] B23: Closed Sicilian: Lines without g3.} d6 7. b3 $5 {[%emt 0:01:57][%mdl 4] is currently scoring better than 7.Bd3. Exploring less charted territory.} a6 8. Bb2 {[%emt 0:02:39] The position is equal.} Be7 9. O-O-O O-O 10. h3 {[%emt 0:04:06][%cal Bh2h3,Bh3h4,Bh4h5][%mdl 32] [#]} Nd7 $146 {[%emt 0:12:13] Prevents e5.} ({Predecessor:} 10... Qc7 11. g4 b5 12. g5 Nd7 13. Kb1 Bb7 14. h4 Rac8 15. Bd3 Nc5 16. h5 Ne5 {1-0 (30) Titichoca Daza,D (2250)-Wu,C (2347) Chess.com INT 2022}) 11. h4 b5 12. Ng5 Nc5 13. Kb1 f6 (13... b4 $15 14. Ne2 Qc7) 14. Nf3 Qc7 (14... b4 $5 15. Ne2 a5 $11) 15. h5 Bd7 (15... b4 $5 16. Ne2 a5 $11) 16. Nh4 Be8 {[%emt 0:01:22] Against Ng6} (16... b4 $5 17. Ne2 Rfc8 $11) 17. g4 Ne5 (17... b4 $14 18. Ne2 a5) 18. f4 $1 $16 Nxg4 ({Better is} 18... b4 19. fxe5 bxc3 20. Qxc3 (20. exd6 Bxd6 21. Qxc3 Be5 $11) 20... Bc6) 19. Qf3 ({White must play} 19. Qg3 $1 $16 Bxh5 20. Nf5) 19... Bxh5 {[%emt 0:09:53] A mistake that costs the game.} (19... Nh6 $1 $11 {and Black is okay.}) 20. f5 {[%emt 0:01:16] Black must now prevent fxe6.} b4 {[%emt 0:01:02] [#]} 21. Ne2 Nxe4 {[%emt 0:01:01] [#]} (21... d5 $16 {might work better.}) 22. Nf4 $1 $18 ({Worse is} 22. Qxe4 Nf2 23. Qg2 (23. Qxe6+ $2 Bf7 $19) 23... Nxd1 $11) 22... Ng5 $2 (22... Ne5 23. Qxe4 (23. Qxh5 Ng3 $11) 23... Bxd1) 23. Qe2 Nf2 {[%emt 0:06:03] [#]} 24. Nxh5 {[%emt 0:00:05] The board is on fire.} Nxh1 25. Bg2 Rad8 26. Bxh1 d5 27. Nf3 Ne4 (27... Nxf3 {is a better defense.} 28. Qxe6+ (28. Bxf3 Kh8 $18) 28... Kh8) 28. Nd4 exf5 {[%emt 0:00:24] [#]} (28... Ng5 $142 29. Nxe6 (29. fxe6 g6 $16) 29... Nxe6) 29. Nxg7 $1 {[%emt 0:00:50][%mdl 512] Pair of Knights!} Nc3+ (29... Qe5 30. Qg2) 30. Bxc3 bxc3 31. Ngxf5 {[%emt 0:00:50] White wants to mate with Qg4+.} Rf7 32. Nh6+ {[%emt 0:00:09][%mdl 64] Deflection, Double Attack.  Weighted Error Value: White=0.25 (precise) /Black=0.73} 1-0

[Event "13th Dolomiti-Forni di Sopra-A 2022"]
[Site "Forni di Sopra"]
[Date "2022.06.18"]
[Round "8.2"]
[White "Prraneeth Vuppala"]
[Black "Basso, Pier Luigi"]
[Result "1/2-1/2"]
[ECO "C65"]
[WhiteElo "2447"]
[BlackElo "2570"]
[Annotator "TA"]
[PlyCount "158"]
[EventDate "2022.06.13"]
[EventType "swiss"]
[EventCountry "ITA"]
[SourceTitle "playchess.com"]
[Source "ChessBase"]
[SourceQuality "1"]
[TimeControl "40/5400+30:1800+30"]

1. e4 e5 2. Nf3 Nc6 3. Bb5 Nf6 4. d3 Bc5 5. c3 d5 6. exd5 {[%emt 0:00:45] C65: Ruy Lopez: Berlin Defence (3...Nf6), unusual lines and 4 0-0 Bc5.} Qxd5 7. Bc4 Qd8 8. O-O {[%emt 0:07:56] White is slightly better.} O-O 9. Nbd2 Bf5 10. Qe2 {[%emt 0:04:06] [#]} Re8 $146 ({Predecessor:} 10... Bd6 11. Ne4 Nxe4 12. dxe4 Bg4 13. h3 Bh5 14. Bg5 Bxf3 15. Qe3 Bc5 16. Bxd8 Bxe3 17. gxf3 Bxf2+ 18. Kxf2 Raxd8 {½-½ (81) Pichot,A (2600)-Martirosyan,H (2656) Riga 2021}) 11. Ne4 Nxe4 12. dxe4 Be6 {[%emt 0:00:32] [#]} 13. Ng5 $1 Qf6 14. Nxe6 fxe6 15. Bb5 Red8 16. Bxc6 bxc6 17. b4 Bb6 18. Be3 Bxe3 19. Qxe3 ({Of course not} 19. fxe3 Qg6 $11) 19... Qf4 20. Qc5 Qxe4 21. Rae1 Qd5 22. Rxe5 Qxc5 23. Rxc5 $16 {[%emt 0:00:00][%mdl 4096] Endgame KRR-KRR} a5 24. bxa5 Ra6 25. Re5 Rd5 26. Rxe6 Rdxa5 27. Re7 ({White should try} 27. Re8+ Kf7 28. Rfe1) 27... Ra7 28. h3 {[%emt 0:00:00] White is more active.} Rxa2 29. Kh2 {[%emt 0:00:00] Black must now prevent Rd1.} Rd2 {[%emt 0:00:24] Inhibits Rd1.} 30. Rfe1 h6 (30... Rxf2 $11 31. Rd7 Ra5) 31. R1e6 Kf8 32. Re8+ Kf7 33. R6e7+ Kf6 34. Re3 {[%emt 0:00:49] [#] aiming for Rf8+.} Kf7 {[%emt 0:00:41] Against Rf8+} 35. R8e7+ Kf8 36. Re8+ (36. Kg3 $5 ) 36... Kf7 37. R8e7+ Kf8 38. Kg3 Rd3 39. Re8+ Kf7 40. R8e7+ Kf8 $1 41. R7e5 Rxe3+ 42. fxe3 $14 {[%emt 0:00:10] KR-KR} Kf7 43. e4 Ra4 44. Rc5 Rxe4 45. Rxc6 Re7 46. Kf4 g6 47. g4 Kg7 48. h4 Kf7 $2 (48... g5+ $1 $11 49. hxg5 Rf7+ 50. Ke4 hxg5) 49. h5 $18 gxh5 50. gxh5 Kg7 51. c4 Kh7 (51... Rf7+ 52. Ke5 Re7+ 53. Kd5 Rd7+ 54. Ke6 Rf7) 52. Kf5 Rg7 53. Kf6 Kg8 54. Re6 {[%emt 0:01:16] White wants to mate with Re8+.} Rg5 55. Re8+ Kh7 56. Re5 Rg1 57. Re7+ Kg8 58. Rxc7 Rg5 59. Rc8+ Kh7 60. Rc7+ Kg8 61. c5 Rxh5 62. Rc8+ Kh7 63. Rc7+ (63. Ke6 $142 Rh2 64. Rd8 Kg7 65. Rd5 Re2+ 66. Kd7 Kf7 67. c6 Re7+ 68. Kc8) 63... Kg8 $1 64. c6 $2 (64. Ke7 $18 {Threatening mate with c6.} Re5+ 65. Kd6) 64... Rc5 $11 {[%emt 0:00:12] The position is equal.} 65. Rc8+ Kh7 66. Rc7+ Kg8 67. Ke6 {[%emt 0:00:34] Kd7 is the strong threat.} Rc2 68. Rc8+ Kg7 69. Kd7 {[%emt 0:00:50] And now Rb8 would win.} h5 70. Rd8 h4 71. c7 Kf6 72. c8=Q Rxc8 73. Rxc8 {[%emt 0:00:00] Rc5 would kill now. KR-KP} Kf5 74. Kd6 Kf4 75. Rc3 Kg4 76. Ke5 h3 77. Rc4+ Kg3 78. Kf5 h2 79. Rc1 Kg2 {[%emt 0:00:04] Black escapes into a draw.  Weighted Error Value: White=0.21 (precise) /Black=0.39} 1/2-1/2

[Event "13th Dolomiti-Forni di Sopra-A 2022"]
[Site "Forni di Sopra"]
[Date "2022.06.18"]
[Round "8.3"]
[White "Harshavardhan G B"]
[Black "Dardha, Daniel"]
[Result "0-1"]
[ECO "E32"]
[WhiteElo "2367"]
[BlackElo "2561"]
[Annotator "TA"]
[PlyCount "56"]
[EventDate "2022.06.13"]
[EventType "swiss"]
[EventCountry "ITA"]
[SourceTitle "playchess.com"]
[Source "ChessBase"]
[SourceQuality "1"]
[TimeControl "40/5400+30:1800+30"]

1. d4 Nf6 2. c4 e6 3. Nc3 Bb4 4. Qc2 O-O 5. e4 d6 6. e5 dxe5 {[%emt 0:07:28] E32: Nimzo-Indian: Classical (4 Qc2): 4...0-0.} 7. dxe5 Ng4 {[%emt 0:00:32] 7...Nfd7 injects fresh life into this line.} 8. Nf3 {[%emt 0:00:24] Threatens to win with h3.} Nc6 $1 {[%emt 0:00:52] The position is equal.} 9. a3 Bc5 10. Ne4 Nd4 11. Nxd4 Bxd4 (11... Qxd4 12. h3 Nxf2 13. Nxf2 $16) 12. Bg5 $1 Bxf2+ {[%emt 0:12:27] [#]} 13. Ke2 $146 (13. Qxf2 $11 {and White stays safe.} Nxf2 14. Bxd8 Nxe4 15. Bxc7) ({Predecessor:} 13. Qxf2 Nxf2 14. Bxd8 Nxe4 15. Bxc7 b6 16. Be2 Ba6 17. Rd1 Rac8 18. Rd7 f5 19. exf6 Nxf6 {0-1 (48) Bocharov,D (2574)-Nisipeanu,L (2670) Warsaw 2005}) 13... Qd4 $19 14. h3 Ne3 (14... Nxe5 15. Rd1 Nc6 16. Nxf2 $16) 15. Qb1 {[%emt 0:00:05] [#]} (15. Qc1 $142 Qxe4 16. Kxf2 Qf5+ 17. Kxe3 Qxg5+ 18. Kf2 Qf5+ 19. Kg1) 15... Nf5 $1 {[%emt 0:07:06] ...Be3 is the strong threat. Really sharp!} 16. Nxf2 Qxe5+ 17. Kd1 Ng3 ({Weaker is} 17... Ne3+ 18. Bxe3 Qxe3 19. Qc2 $14 (19. Nd3 Qe4 $14)) 18. Bd2 (18. Qc1 $142 Nxh1 19. Nxh1) 18... Nxh1 ({Don't blunder} 18... Qd4 $2 19. Ke1 Qe5+ 20. Kd1 $19) (18... Rd8 $19 19. Qc1 Qe3) 19. Nxh1 $17 Rd8 $36 {[%emt 0:01:41][%mdl 2048] Keeping White busy.} 20. Qc2 {[%emt 0:01:54] [#] This costs White the game.} (20. Qc1 $17) 20... Bd7 $1 $19 {[%emt 0:01:05][%cal Od7a4] And now ...Ba4! would win.} 21. Bd3 $2 {[%emt 0:01:26] [#]} (21. a4 Bc6 22. Qc3) 21... Ba4 $1 {[%emt 0:00:49][%mdl 512] Black is clearly winning.} 22. Bxh7+ Kh8 23. Qxa4 Qxb2 24. Qc2 Qxa1+ 25. Qb1 Qd4 26. Qc2 Qxd2+ 27. Qxd2 Rxd2+ 28. Kxd2 Kxh7 {[%emt 0:00:05] Weighted Error Value: White=0.87/Black=0.25 (precise)} 0-1

[Event "13th Dolomiti-Forni di Sopra-A 2022"]
[Site "Forni di Sopra"]
[Date "2022.06.18"]
[Round "8.4"]
[White "Cappelletto, Joshuaede"]
[Black "Moroni, Luca Jr"]
[Result "0-1"]
[ECO "B28"]
[WhiteElo "2276"]
[BlackElo "2581"]
[Annotator "TA"]
[PlyCount "68"]
[EventDate "2022.06.13"]
[EventType "swiss"]
[EventCountry "ITA"]
[SourceTitle "playchess.com"]
[Source "ChessBase"]
[SourceQuality "1"]
[TimeControl "40/5400+30:1800+30"]

1. e4 c5 2. Nc3 a6 3. Nge2 b5 4. d4 cxd4 5. Nxd4 Bb7 6. Bd3 g6 {[%emt 0:00:50] B28: Sicilian: 2 Nf3 a6 (O'Kelly Variation).} 7. Be3 Bg7 8. a4 {[%emt 0:12:23] [#]} bxa4 $146 (8... b4 $1 $11 9. Na2 d5) ({Predecessor:} 8... b4 9. Nd5 Nf6 10. Nxf6+ Bxf6 11. Qd2 Nc6 12. Bc4 Ne5 13. Bb3 Qc7 14. f3 d5 15. exd5 {0-1 (46) Poetsch,H (2395)-Baklan,V (2621) Germany 2011}) 9. O-O $16 Nf6 10. Rxa4 O-O (10... Nc6 $14 {might be stronger.}) 11. Qe2 (11. e5 $16 Nd5 12. Nxd5 Bxd5 13. Qe2) 11... d5 12. exd5 Nxd5 13. Nxd5 Qxd5 {[%emt 0:01:28][%csl Gb7][%cal Rd5g2] [#]} 14. Nf3 Qd7 ({Better is} 14... Nd7 $11) 15. b3 $14 Bc6 16. Ra2 (16. Rh4 $5 ) 16... Qb7 17. Re1 Re8 18. Bc4 (18. Ng5 {keeps more tension.} e6 19. Bf4 Nd7 20. Rxa6 Nc5 21. Rxa8 Rxa8 22. Bc4) 18... e6 19. Rd1 a5 20. Bd4 (20. h4 $11) 20... Bxf3 $17 21. gxf3 ({Don't go for} 21. Qxf3 $2 Qxf3 22. gxf3 Rd8 $19) 21... Bxd4 22. Rxd4 Nc6 23. Rd2 Ne7 (23... Red8 $17 {Hoping for ...Nd4.} 24. Kg2 Qe7) 24. Ra1 Nf5 25. Qe4 Qe7 {[%emt 0:00:00] [#] And now ...Qg5+ would win.} 26. Rad1 Nh4 {[%emt 0:00:00] Threatens to win with ...a4.} 27. f4 Qf6 28. Kf1 Nf5 29. Rd7 a4 {[%emt 0:00:00] Strongly threatening ...a3.} 30. bxa4 ({White should play} 30. h3 $1 $15) 30... Rxa4 {[%emt 0:00:00] aiming for ...Rc8.} 31. Qc6 {Against Rc8} Raa8 32. Be2 (32. Bd3 $17) 32... Qh4 $19 33. Bd3 Qxf4 {[%emt 0:00:00] White must now prevent ...Ne3+.} ({Inferior is} 33... Qxh2 34. Bxf5 gxf5 35. Qf3 $17) 34. Qc7 $2 (34. Bxf5 {only move.} Qxf5 35. Qc3) 34... Ne3+ {[%emt 0:00:00] Weighted Error Value: White=0.33/Black=0.15 (very precise)} 0-1

[Event "13th Dolomiti-Forni di Sopra-A 2022"]
[Site "Forni di Sopra"]
[Date "2022.06.18"]
[Round "8.5"]
[White "Karttunen, Mika"]
[Black "Bellia, Fabrizio"]
[Result "1-0"]
[ECO "D36"]
[WhiteElo "2488"]
[BlackElo "2418"]
[Annotator "TA"]
[PlyCount "203"]
[EventDate "2022.06.13"]
[EventType "swiss"]
[EventCountry "ITA"]
[SourceTitle "playchess.com"]
[Source "ChessBase"]
[SourceQuality "1"]
[TimeControl "40/5400+30:1800+30"]

1. d4 d5 2. c4 e6 3. Nc3 Nf6 4. cxd5 exd5 5. Bg5 c6 6. e3 h6 7. Bh4 Be7 8. Qc2 O-O 9. Bd3 Re8 10. Nge2 Nbd7 11. O-O a5 {[%emt 0:00:59] D36: Queen's Gambit Declined: Exchange Variation: Main line (5 Bg5 c6 6 Qc2).} 12. Rad1 b5 13. Nb1 Bb7 {[%emt 0:00:44] The position is equal.} 14. Nd2 {[%emt 0:00:47] [#]} b4 $146 ({Predecessor:} 14... a4 15. Nf3 b4 16. Bf5 Qb8 17. Bg3 Bd6 18. Rc1 Bxg3 19. Nxg3 Qd6 20. Rfd1 Ra5 {1-0 (68) David,A (2552)-Bellia,F (2431) Chianciano Terme 2021}) 15. Rc1 a4 16. h3 Ra5 17. Qd1 c5 18. dxc5 Nxc5 19. Bb1 Ba6 20. Nf3 Nfe4 21. Bxe7 Qxe7 22. Ned4 Qd7 (22... Bxf1 $6 23. Nc6 Qf6 24. Nxa5 Bxg2 25. Kxg2 $11) (22... a3 $17 23. b3 (23. Nc6 Qc7 $17) 23... Bxf1) 23. Re1 $11 a3 24. Nb3 Nxb3 ({Don't play} 24... axb2 25. Rxc5 Rxc5 26. Bxe4) 25. Qxb3 Qb7 {[%emt 0:06:45] aiming for ...Bc4.} (25... Rb8 {seems wilder.} 26. Red1 Bc4 27. Qxc4 axb2 28. Rc2 dxc4 29. Rxd7 c3) 26. Bxe4 dxe4 27. Nd4 axb2 28. Qxb2 Bd3 (28... Rg5 $11 {remains equal.}) 29. a3 $1 $16 Qa6 (29... Rxa3 $2 30. Nf5 f6 31. Nd6 $18) (29... Ra6 $142) 30. axb4 Ra2 31. Qb3 Ra8 32. Rc6 {[%emt 0:04:39] Inhibits Qf6.} ({Wrong is} 32. Rc7 $2 Qf6 33. f4 exf3 $1 34. Rc8+ Kh7 35. Qxd3+ g6 36. Nxf3 Rxc8 $19) 32... Qa3 33. Rec1 (33. Qxa3 $18 R8xa3 34. Rec1) 33... Qxb3 $14 34. Nxb3 Rb2 35. Rc8+ Rxc8 36. Rxc8+ {[%emt 0:00:03][%mdl 4096] Endgame KRB-KRN} Kh7 37. Rc3 Bb5 38. Kh2 Rxf2 (38... Kg6 $14) 39. Nd4 $16 Bd3 40. Rc7 Kg6 41. b5 Rb2 42. Rc6+ f6 (42... Kh7 $11) 43. b6 $1 h5 {[%emt 0:03:02] [#]} 44. h4 ({Much worse is} 44. Kg3 $6 Bf1 $11) (44. Ne6 $1 $16) 44... Bf1 $14 45. Kg1 $1 Bb5 46. Rd6 {[%emt 0:00:00] Ne6 is the strong threat.} (46. Rc7 $5 ) 46... Kf7 47. Rd8 {[%emt 0:00:00] And now b7 would win.} Be8 48. Rb8 {[%emt 0:00:00] Black should prevent Rb7+.} Bd7 49. Kf1 Ke7 50. Ke1 Kd6 51. Kd1 Kc5 52. b7 Kd6 53. Kc1 Rb6 54. Rg8 Rxb7 55. Rxg7 Rb6 56. Rf7 Kc7 57. Rh7 Ra6 58. Rxh5 Ra1+ $1 59. Kb2 Rg1 60. Rc5+ Kd6 61. Rc2 Rh1 62. g3 Bg4 63. Rc6+ Ke7 64. Rc7+ Kf8 65. Nb5 (65. Rc1 $5 Rh2+ 66. Rc2 $14) 65... Re1 66. Nd6 Rxe3 67. Rf7+ Kg8 68. Rxf6 Rxg3 {[%emt 0:00:37] Threatens to win with ...e3.} 69. Nxe4 Rg2+ 70. Kc3 Kg7 71. Rf4 Kg6 72. Nf6 Bf5 73. Nd5 Rg3+ 74. Kd4 {[%emt 0:00:18] Strongly threatening Ne7+.} Rg4 75. Ke5 Bd7 $1 76. Rf6+ Kg7 77. Rd6 Ba4 78. Ne3 Rg6 79. Nf5+ Kh7 80. Rd2 Rc6 81. Rd7+ Kh8 82. Ra7 Bd1 83. Nd6 Rc2 84. Rd7 {[%emt 0:01:18] Hoping for Nf7+.} Bh5 85. Ne4 Re2 86. Kf4 Bg6 87. Nf6 Bb1 88. Rf7 Rf2+ ({Black should try} 88... Bg6 $1 $11 89. Rd7 Bf7) 89. Kg5 {[%emt 0:00:47] Black must now prevent Kh6.} Rb2 90. h5 Rb5+ 91. Kh6 Rb8 {[%emt 0:00:02] Inhibits Rf8+.} 92. Nd7 Ra8 93. Rf6 (93. Ne5 $16) 93... Kg8 94. Ne5 Re8 {[%emt 0:00:23] Against Re6} 95. Nd7 Ba2 (95... Ra8 $1 $11) 96. Rg6+ Kf7 97. Rg7+ Ke6 98. Kg5 Re7 (98... Kd6 $14) 99. Nf8+ $16 Kd6 100. Rg6+ Kd5 101. h6 Re5+ $2 {[%emt 0:00:08][%mdl 8192] [#]} (101... Bb1 $16) 102. Kf6 $1 {[%emt 0:00:17] Weighted Error Value: White=0.16 (very precise) /Black=0.16 (very precise)} 1-0

[Event "13th Dolomiti-Forni di Sopra-A 2022"]
[Site "Forni di Sopra"]
[Date "2022.06.18"]
[Round "8.7"]
[White "Kozlovic, Jernej"]
[Black "Ceres, Dragos"]
[Result "1/2-1/2"]
[ECO "D02"]
[WhiteElo "2005"]
[BlackElo "2380"]
[Annotator "TA"]
[PlyCount "58"]
[EventDate "2022.06.13"]
[EventType "swiss"]
[EventCountry "ITA"]
[SourceTitle "playchess.com"]
[Source "ChessBase"]
[SourceQuality "1"]
[TimeControl "40/5400+30:1800+30"]

1. Nf3 Nf6 2. d4 e6 3. Bf4 c5 4. c3 d5 5. e3 Nc6 6. Nbd2 cxd4 $1 {[%emt 0:00:16][%mdl 4] outshines the older 6...Bd6.} 7. exd4 {[%emt 0:00:06] D02: 1 d4 d5 2 Nf3 sidelines, including 2...Nf6 3 g3 and 2...Nf6 3 Bf4.} Nh5 8. Be5 (8. Be3 $11) 8... f6 $15 9. Bg3 {[%emt 0:00:07] Black is slightly better.} g6 10. Be2 Bg7 {[%emt 0:07:05] [#]} 11. c4 $146 ({Predecessor:} 11. O-O O-O 12. Qb3 Kh8 13. Rad1 b6 14. Rfe1 Bb7 15. Bb5 Qd7 16. Qa3 Nxg3 17. hxg3 {0-1 (49) Wang,Y (2699)-Le,Q (2739) Ashkhabad 2017}) 11... Qb6 12. Nb3 Nxg3 13. hxg3 Qb4+ 14. Nfd2 (14. Qd2 $2 dxc4 15. Nc5 (15. Qxb4 $2 Nxb4 16. Bxc4 Nc2+ 17. Ke2 Nxa1 $19) 15... Qxd2+ 16. Kxd2 b6 $17) 14... O-O 15. O-O Rd8 16. Rc1 dxc4 17. Rxc4 Qb6 18. Nf3 e5 $1 19. Qc2 Be6 20. dxe5 Bxc4 $17 ({Much weaker is} 20... Nxe5 $6 21. Nxe5 fxe5 22. Rc5 $11) ({Don't play} 20... fxe5 $6 21. Rc5 Kh8 22. Bc4 $11) 21. Bxc4+ Kh8 22. e6 Ne7 23. Re1 Rac8 24. Nbd2 (24. Qe2 $17 {was called for.}) 24... Qa5 {[%emt 0:02:27] White must now prevent ...b5.} 25. b4 {[%emt 0:01:51] [#]} Qc7 {[%emt 0:02:32] Threatens to win with ...b5.} ({Worse is} 25... Qxb4 26. Rb1 Qd6 27. Rxb7 $15) 26. Qb3 Rd6 ({Better is} 26... g5 $17 {...g4 is the strong threat.} 27. Rd1 g4) 27. a4 a6 {[%emt 0:02:26] Against Bb5} 28. b5 {[%emt 0:01:41] [#]} axb5 (28... f5 $1 $17) 29. Bxb5 $11 Rdd8 {[%emt 0:04:57] Weighted Error Value: White=0.22 (precise) /Black=0.18 (very precise)} ({Black should try} 29... f5 $11) 1/2-1/2

[Event "13th Dolomiti-Forni di Sopra-A 2022"]
[Site "Forni di Sopra"]
[Date "2022.06.18"]
[Round "8.8"]
[White "Pozzari, Simone"]
[Black "Ceschia, Ivano"]
[Result "0-1"]
[ECO "B82"]
[WhiteElo "2184"]
[BlackElo "2252"]
[Annotator "TA"]
[PlyCount "76"]
[EventDate "2022.06.13"]
[EventType "swiss"]
[EventCountry "ITA"]
[SourceTitle "playchess.com"]
[Source "ChessBase"]
[SourceQuality "1"]
[TimeControl "40/5400+30:1800+30"]

1. e4 c5 2. Nf3 Nc6 3. Nc3 e6 4. d4 cxd4 5. Nxd4 Qc7 6. Be3 Nf6 7. a3 Be7 8. f4 d6 9. Qf3 a6 10. O-O-O {[%emt 0:00:07] B82: Sicilian Scheveningen: 6 f4.} Bd7 (10... O-O {feels hotter.} 11. h3 b5 12. e5 Nxd4 13. Qxa8 Bb7) 11. g4 {[%emt 0:01:38][%cal Bg2g4,Bg4g5][%mdl 32] Threatens to win with g5.} h6 12. Rg1 {[%emt 0:03:24] [#] White is better.} O-O-O $146 ({Predecessor:} 12... Rc8 13. h4 Nxd4 14. Bxd4 e5 15. Bf2 d5 16. Bd3 Bxa3 17. Nxd5 Nxd5 18. exd5 Bd6 {½-½ (67) Murko,D (2149)-Haring,F (2310) Pardubice 2018}) 13. Nxc6 (13. Qf2 $16) 13... Bxc6 $11 14. g5 Nxe4 15. Nxe4 d5 $1 16. Bd3 dxe4 17. Bxe4 hxg5 18. fxg5 Rxh2 {[%emt 0:00:31] [#]} (18... Bxe4 $11 19. Qxe4 Rxh2) 19. Rxd8+ $2 (19. Qxf7 $1 $16 {is necessary to keep the advantage.} Bxe4 20. Qxe6+ Rd7 21. Qxe4) 19... Bxd8 $17 {[%emt 0:08:27] Black converts the advantage convincingly.} 20. Bf4 (20. c3 $17 {was called for.}) 20... Bxe4 $40 {[%emt 0:00:59][%mdl 128] Black wants a kill.} 21. Qxe4 Rh4 22. Bxc7 Rxe4 23. Bxd8 Kxd8 $17 {[%emt 0:00:10][%mdl 4096] Endgame KR-KR} 24. Kd2 Rh4 {[%emt 0:01:45][%cal Be4h4,Bh4h2,Bh2a2,Ba2g2,Bg2g3][%mdl 32] Prevents Rh1.} 25. Rg3 Rh2+ 26. Kd3 Kd7 27. b3 e5 28. c4 (28. Rg4 $142) 28... Ra2 29. a4 a5 30. Kc3 Ke6 31. Rh3 (31. Rd3 {is a better defense.}) 31... Rg2 $19 32. Rh8 Rg3+ ({Wrong is} 32... Rxg5 $2 33. Re8+ Kd6 34. Rd8+ Kc7 35. Rd5 $19) 33. Kc2 Rxg5 34. Rb8 $2 (34. Re8+ Kd6 35. Rd8+ Kc7 36. Ra8) 34... f5 {[%emt 0:02:12][%cal Bf7f5,Bf5f4][%mdl 32] Black is clearly winning.} 35. Rxb7 (35. b4 $142 Rg4 36. Re8+ Kf6 37. Rc8) 35... f4 {[%emt 0:00:06] [#] aiming for ...f3.} 36. Kd3 Rg3+ 37. Ke2 g5 38. Rb5 g4 {[%emt 0:00:24] Weighted Error Value: White=0.63/Black=0.15 (very precise)} 0-1